 Dungeon Crawl Stone Soup version 0.19-a0-406-ge21436e (webtiles) character file.

32554 MenacingMecha the Destroyer (level 13, -9/95 (96) HPs)
             Began as a Green Draconian Conjurer on May 30, 2016.
             Was an Elder of Ashenzari.
             Mangled by an eight-headed hydra (13 damage)
             ... on level 2 of the Lair of Beasts on May 31, 2016.
             The game lasted 01:51:16 (17913 turns).

MenacingMecha the Destroyer (DrCj)                 Turns: 17913, Time: 01:51:16

HP:   -9/95 (96)    AC: 13    Str:  9    XL:     13   Next: 32%
MP:   16/27         EV: 19    Int: 18    God:    Ashenzari [****..]
Gold: 950           SH:  0    Dex: 16    Spells: 10 memorised, 3 levels left

rFire  . . .     SeeInvis +     U - +4 trident "Death Rattle" {freeze, +Rage +Fly Str-3 Dex+3}
rCold  . . .     Gourm    .     (armour unavailable)
rNeg   . . .     Faith    .     (no shield)
rPois  +         Spirit   .     (helmet restricted)
rElec  .         Dismiss  .     o - +2 cloak (curse)
rCorr  .         Reflect  .     P - +0 pair of gloves
SustAt .         Harm     .     d - +0 pair of boots
MR     .....     Clarity  +     i - amulet of magic regeneration (curse)
Stlth  +++.......               C - +3 ring of evasion (curse)
                                c - +2 ring of evasion

@: repel missiles, not resistant to hostile enchantments, fairly stealthy
A: breathe noxious fumes, unfitting armour, poison resistance, cold-blooded, AC
+8
a: Breathe Noxious Fumes, Curse Item, Scrying, Renounce Religion, Evoke Berserk
Rage, Evoke Flight


You were on level 2 of the Lair of Beasts.
You worshipped Ashenzari.
Ashenzari was greatly pleased with you.
You were not hungry.

You visited 2 branches of the dungeon, and saw 13 of its levels.
You also visited: Bailey.

You collected 1010 gold pieces.
You spent 60 gold pieces at shops.

Inventory:

Hand Weapons
 s - a +2 halberd of flaming
   (You took it off a gnoll on level 2 of the Dungeon)
 U - the +4 trident "Death Rattle" (weapon) {freeze, +Rage +Fly Str-3 Dex+3}
   (You found it on level 1 of the Lair of Beasts)

   It has been specially enchanted to freeze those struck by it, causing extra
   injury to most foes and up to half again as much damage against particularly
   susceptible opponents.
   It can also slow down cold-blooded creatures.
   It affects your strength (-3).
   It affects your dexterity (+3).
   It lets you fly.
   It lets you go berserk.
Missiles
 n - a throwing net
 p - 7 curare-tipped needles
Armour
 d - a +0 pair of boots (worn)
   (You found it on level 1 of the Dungeon)
 o - a cursed +2 cloak (worn)
   (You found it on level 2 of the Dungeon)
 P - a +0 pair of gloves (worn)
   (You found it on level 8 of the Dungeon)
Magical Staves
 N - an uncursed staff of earth
   (You found it on level 1 of the Lair of Beasts)
Jewellery
 c - a +2 ring of evasion (left hand)
   (You found it on level 2 of the Dungeon)
 i - a cursed amulet of magic regeneration (around neck)
   (You found it on level 2 of the Dungeon)
 C - a cursed +3 ring of evasion (right hand)
   (You found it on level 3 of the Dungeon)
Wands
 D - a wand of paralysis (17/24)
   (You found it on level 4 of the Dungeon)
 L - a wand of confusion (31/48)
   (You found it on level 5 of the Dungeon)
 M - a wand of flame (24/48)
   (You took it off a goblin on level 5 of the Dungeon)
 S - a wand of slowing (48/48)
   (You found it on level 8 of the Dungeon)
 T - a wand of flame (30/48)
   (You found it on level 8 of the Dungeon)
 W - a wand of hasting (3/9)
   (You found it on level 3 of the Lair of Beasts)
Scrolls
 e - 2 scrolls of noise
 f - 3 scrolls of enchant weapon
 g - 4 scrolls of magic mapping
 j - a scroll of fog
 u - 3 scrolls of fear
 y - 3 scrolls of blinking
 A - 2 scrolls of recharging
 F - 2 scrolls of amnesia
 H - 5 scrolls of immolation
 K - a scroll of teleportation
Potions
 k - 5 potions of brilliance
 q - 3 potions of agility
 r - a potion of berserk rage
 t - 3 potions of curing
 v - 3 potions of might
 w - 6 potions of mutation
 x - a potion of ambrosia
 B - a potion of cancellation {unknown}
 G - 7 potions of heal wounds
 J - 3 potions of lignification
 R - 2 potions of flight
Books
 a - a book of Conjurations
 z - a book of Debilitation
   (You found it on level 9 of the Dungeon)
 E - a book of Changes
   (You found it on level 4 of the Dungeon)
 I - a book of Transfigurations
   (You found it on level 7 of the Dungeon)
 O - a book of Minor Magic
   (You found it on level 6 of the Dungeon)
 Q - a book of the Dragon
   (You found it on level 6 of the Dungeon)
Comestibles
 b - 9 bread rations
 h - 5 meat rations
 l - 8 chunks of flesh
 m - 10 beef jerkies


   Skills:
 - Level 4.0 Fighting
 + Level 3.4 Polearms
 - Level 4.0 Dodging
 - Level 4.0 Stealth
 - Level 10.0 Spellcasting
 - Level 12.3(14.3) Conjurations
 - Level 2.0(3.7) Hexes
 - Level 7.1(9.4) Charms
 - Level 3.0(5.0) Translocations
 - Level 11.0(13.0) Fire Magic


You had 3 spell levels left.
You knew the following spells:

 Your Spells              Type           Power        Failure   Level  Hunger
a - Magic Dart            Conj           ####         1%          1    None
b - Searing Ray           Conj           ######       1%          2    None
c - Dazzling Spray        Conj/Hex       #####.       1%          3    None
d - Blink                 Tloc           N/A          1%          2    None
e - Repel Missiles        Chrm/Air       ####..       1%          2    None
f - Flame Tongue          Conj/Fire      #####        1%          1    None
g - Conjure Flame         Conj/Fire      ######..     1%          3    None
h - Bolt of Fire          Conj/Fire      ######....   6%          6    ######.
x - Iskenderun's Mystic   Conj           ######..     1%          4    ###....
z - Iskenderun's Battles  Conj/Chrm      ######..     1%          5    #####..


Dungeon Overview and Level Annotations

Branches:
Dungeon (10/15)            Temple (0/1) D:6            Lair (3/8) D:8
  Swamp: Lair:3-6    Shoals: Lair:3-6     Snake: Lair:3-6    Spider: Lair:3-6
    Orc: D:9-12

Altars:
Ashenzari
Kikubaaqudgha
Makhleb
Pakellas
Qazlal
Sif Muna
Uskayaw
Vehumet
Xom
The Shining One

Shops:
D:10 ?}::%

Annotations:
D:4 gold behind trans. rock wall
Lair:2 exclusions: elephant and hydra


Innate Abilities, Weirdness & Mutations

You can breathe blasts of noxious fumes.
Your lurid green scales are hard (AC +8).
Your body does not fit into most forms of armour.
Your system is resistant to poisons. (rPois)
You are cold-blooded and may be slowed by cold attacks.


Message History

The elephant is almost dead.
The crocodile misses you. The elephant closely misses you.
The elephant completely misses you.
Casting: Bolt of Fire
Confirm with . or Enter, or press ? or * to list all spells.
Aiming: Flame Tongue
Press: ? - help, Shift-Dir - straight line, f/p - elephant
Aim: an elephant (almost dead)
The flame tongue hits the elephant.
The elephant is almost dead.
The crocodile completely misses you. The elephant misses you.
The elephant trunk-slaps you but does no damage.
Attack whom?
Press: ? - help, Dir - move target cursor, f/p - elephant
Aim: an elephant (almost dead)
You hit the elephant. You freeze the elephant.
You kill the elephant!
The crocodile closely misses you. The crocodile bites you!
You puncture the crocodile! You freeze the crocodile.
The crocodile is heavily wounded.
The crocodile bites you.
You hit the crocodile.
The crocodile seems to slow down.
You freeze the crocodile.
The crocodile is severely wounded.
You hit the crocodile.
The crocodile seems to slow down.
You freeze the crocodile.
The crocodile is almost dead.
The crocodile closely misses you.
You closely miss the crocodile.
The crocodile is almost dead.
The crocodile barely misses you.
You closely miss the crocodile.
You tail-slap the crocodile, but do no damage.
The crocodile is almost dead.
You puncture the crocodile!
The crocodile seems to slow down.
You freeze the crocodile.
You kill the crocodile!
You see here a crocodile corpse.
You see here an elephant corpse.
You butcher the elephant corpse.
l - 2 chunks of flesh (gained 1)
You see here a crocodile corpse.
You butcher the crocodile corpse.
l - 8 chunks of flesh (gained 6)
You start resting.
Magic restored.
You start resting.
You sense a monster nearby.
The eight-headed hydra roars!
Casting: Flame Tongue
Confirm with . or Enter, or press ? or * to list all spells.
You conjure a globe of magical energy.
Casting: Iskenderun's Battlesphere
Confirm with . or Enter, or press ? or * to list all spells.
Aiming: Flame Tongue
Press: ? - help, Shift-Dir - straight line, f - eight-headed hydra
Aim: an eight-headed hydra The flame tongue hits the eight-headed hydra.
The eight-headed hydra is lightly wounded.
Your battlesphere fires!
The barrage of energy hits the eight-headed hydra.
The eight-headed hydra is moderately wounded.
The eight-headed hydra misses you. The eight-headed hydra bites you.
The eight-headed hydra completely misses you.
The eight-headed hydra bites you! The eight-headed hydra misses you.
The eight-headed hydra bites you. The eight-headed hydra bites you!
The eight-headed hydra bites you.
Casting: Flame Tongue
Confirm with . or Enter, or press ? or * to list all spells.
Aiming: Flame Tongue
Press: ? - help, Shift-Dir - straight line, f/p - eight-headed hydra
Aim: an eight-headed hydra (moderately wounded)
The flame tongue hits the eight-headed hydra.
The eight-headed hydra is moderately wounded.
Your battlesphere fires!
The barrage of energy hits the eight-headed hydra.
The eight-headed hydra is heavily wounded.
The eight-headed hydra misses you.
The eight-headed hydra bites you but does no damage.
The eight-headed hydra bites you! The eight-headed hydra bites you.
The eight-headed hydra completely misses you.
The eight-headed hydra bites you!
* * * LOW HITPOINT WARNING * * *
The eight-headed hydra closely misses you.
The eight-headed hydra bites you!
* * * LOW HITPOINT WARNING * * *
Casting: Flame Tongue
Confirm with . or Enter, or press ? or * to list all spells.
Okay, then.
Unknown command.
Casting: Flame Tongue
Confirm with . or Enter, or press ? or * to list all spells.
You imbue your battlesphere with additional charge.
The eight-headed hydra bites you!
* * * LOW HITPOINT WARNING * * *
The eight-headed hydra closely misses you. x2
The eight-headed hydra barely misses you.
The eight-headed hydra completely misses you.
The eight-headed hydra bites you!
You die...

##......... #..........
####......... ##.#..........
##...........#. ######
##*#######..............
#P...###P##.#.##...............
#......#...*..###....t.........
#.>...###....@##...............
#.......#.....D................
#......#.......................
#..............................
#.........................(....
#........^.....................
#..............................
#..............................
#..............................


You could see an eight-headed hydra and a friendly battlesphere.

Vanquished Creatures
  A queen ant (Lair:3)
  An orc knight (Bailey)
  2 hill giants (D:10)
  An ugly thing (D:9)
  The ghost of P0WERM0DE the Insei, a novice OpMo (D:6)
  A black mamba (Lair:1)
  4 elephants
  A gargoyle (D:10)
  A rime drake (Lair:3)
  6 spiny frogs
  5 komodo dragons
  A yaktaur (D:8)
  2 trolls
  Prince Ribbit (D:6)
  A two-headed ogre (D:9)
  A vampire (D:10)
  2 hippogriffs
  13 yaks
  10 soldier ants (Lair:3)
  6 porcupines
  5 water moccasins
  3 sky beasts
  2 black bears
  7 orc warriors (Bailey)
  2 necrophages
  2 ice beasts (D:5)
  3 phantoms
  6 wolves (Lair:3)
  A centaur (D:9)
  16 ogres
  5 crocodiles
  A big kobold (D:7)
  An elf zombie (D:7)
  19 giant frogs
  3 scorpions
  10 killer bees
  5 howler monkeys
  4 wights (D:7)
  An electric eel (D:8)
  4 giant frog zombies
  3 crimson imps
  7 human zombies (D:7)
  A quasit (D:9)
  A centaur zombie (D:9)
  5 hounds
  2 jellies
  A giant frog skeleton (D:9)
  8 orc priests
  3 centaur skeletons
  15 orc wizards
  9 iguanas
  Natasha (thrice) (D:2)
  A human skeleton (D:7)
  2 hell rats (D:8)
  41 worker ants
  5 sheep (Lair:1)
  A killer bee zombie (D:9)
  2 mummies (D:7)
  2 hound skeletons
  2 howler monkey zombies (D:5)
  2 worker ant zombies
  3 gnolls (D:2)
  5 adders
  28 river rats
  2 shadow imps
  2 oozes
  3 adder skeletons
  2 worms
  2 dart slugs
  9 giant geckos
  53 orcs
  2 ball pythons (D:2)
  12 bats
  3 giant cockroaches
  6 goblins
  6 hobgoblins
  14 jackals
  5 quokkas
  A giant gecko zombie (D:8)
  5 giant newts
  16 kobolds
  2 quokka skeletons
  11 rats
469 creatures vanquished.

Vanquished Creatures (collateral kills)
  2 soldier ants (Lair:3)
  2 worker ants (Lair:3)
4 creatures vanquished.

Vanquished Creatures (others)
  3 fungi (Lair:3)
3 creatures vanquished.

Grand Total: 476 creatures vanquished

Notes
Turn   | Place    | Note
--------------------------------------------------------------
     0 | D:1      | MenacingMecha the Draconian Conjurer began the quest for the Orb.
     0 | D:1      | Reached XP level 1. HP: 14/14 MP: 3/3
   485 | D:1      | Reached XP level 2. HP: 9/20 MP: 1/5
   647 | D:1      | Learned a level 2 spell: Searing Ray
  1385 | D:2      | Reached XP level 3. HP: 12/26 MP: 0/7
  1644 | D:2      | Learned a level 3 spell: Dazzling Spray
  1807 | D:2      | Reached skill level 3 in Spellcasting
  1889 | D:2      | Noticed Natasha
  1916 | D:2      | Reached XP level 4. HP: 33/33 MP: 8/8
  1939 | D:2      | Reached skill level 5 in Conjurations
  2009 | D:2      | Killed Natasha
  2021 | D:2      | Noticed Natasha
  2024 | D:2      | Killed Natasha
  2024 | D:2      | Reached XP level 5. HP: 37/38 MP: 7/10
  2035 | D:2      | Learned a level 4 spell: Iskenderun's Mystic Blast
  2039 | D:2      | Found a shattered altar of Ashenzari.
  2045 | D:2      | Became a worshipper of Ashenzari the Shackled
  2456 | D:2      | Found a shimmering altar of Xom.
  2512 | D:2      | Noticed Natasha
  2522 | D:2      | Killed Natasha
  2529 | D:2      | Reached skill level 4 in Spellcasting
  2975 | D:2      | Reached skill level 1 in Hexes
  3606 | D:3      | Reached XP level 6. HP: 45/45 MP: 12/12
  3693 | D:3      | Reached skill level 6 in Conjurations
  4012 | D:4      | Reached skill level 2 in Hexes
  4310 | D:4      | Reached * piety under Ashenzari
  4425 | D:4      | Your scales start taking on a lurid green colour.
  4425 | D:4      | Reached XP level 7. HP: 50/50 MP: 9/13
  4425 | D:4      | Gained mutation: Your system is resistant to poisons. (rPois) [Green Draconian growth]
  4457 | D:4      | Learned a level 5 spell: Iskenderun's Battlesphere
  4703 | D:5      | Entered Level 5 of the Dungeon
  4708 | D:5      | Reached skill level 1 in Charms
  4774 | D:5      | Reached skill level 7 in Conjurations
  4846 | D:5      | Found a glowing golden altar of the Shining One.
  4850 | D:5      | Reached skill level 2 in Charms
  4886 | D:5      | Found a radiant altar of Vehumet.
  5272 | D:5      | Reached skill level 3 in Charms
  5288 | D:5      | Reached XP level 8. HP: 25/57 MP: 10/14
  5697 | D:5      | Reached skill level 8 in Conjurations
  5741 | D:4      | Found a stormy altar of Qazlal.
  5940 | D:6      | Found a staircase to the Ecumenical Temple.
  6027 | D:6      | Reached ** piety under Ashenzari
  6043 | D:6      | Found a deep blue altar of Sif Muna.
  6057 | D:6      | Noticed P0WERM0DE's ghost (novice OpMo)
  6067 | D:6      | Killed P0WERM0DE's ghost
  6067 | D:6      | Reached skill level 4 in Charms
  6172 | D:6      | Noticed Prince Ribbit
  6189 | D:5      | Reached skill level 9 in Conjurations
  6189 | D:5      | Reached skill level 5 in Charms
  6206 | D:6      | Killed Prince Ribbit
  6206 | D:6      | Reached XP level 9. HP: 36/62 MP: 15/15
  6381 | D:6      | Found an oddly glowing altar of Pakellas.
  6645 | D:6      | Learned a level 2 spell: Blink
  6900 | D:7      | Reached skill level 5 in Spellcasting
  6917 | D:7      | Found a flagged portal.
  6927 | Bailey   | Entered a bailey
  7135 | Bailey   | Learned a level 2 spell: Repel Missiles
  7307 | Bailey   | Noticed an orc knight
  7343 | Bailey   | Killed an orc knight
  7343 | Bailey   | Reached skill level 10 in Conjurations
  7343 | Bailey   | Reached skill level 6 in Charms
  7740 | D:7      | Reached skill level 7 in Charms
  7875 | D:7      | Reached skill level 1 in Translocations
  7977 | D:7      | Reached XP level 10. HP: 69/69 MP: 18/18
  8010 | D:7      | Reached skill level 2 in Translocations
  8044 | D:7      | Reached skill level 11 in Conjurations
  8224 | D:7      | Reached skill level 3 in Translocations
  8311 | D:7      | Reached skill level 2 in Dodging
  8542 | D:7      | Learned a level 1 spell: Flame Tongue
  8624 | D:7      | Reached skill level 1 in Fire Magic
  9024 | D:7      | Found an ancient bone altar of Kikubaaqudgha.
  9034 | D:7      | Reached skill level 6 in Spellcasting
  9118 | D:7      | Reached skill level 2 in Fire Magic
  9661 | D:8      | Reached skill level 1 in Fighting
  9807 | D:8      | Reached skill level 2 in Fighting
  9859 | D:8      | Found a staircase to the Lair.
  9891 | D:8      | Reached skill level 7 in Spellcasting
  9957 | D:8      | Learned a level 3 spell: Conjure Flame
 10097 | D:8      | Reached skill level 3 in Fire Magic
 10413 | D:8      | Reached skill level 4 in Fire Magic
 11212 | D:8      | Reached XP level 11. HP: 75/78 MP: 21/21
 11559 | D:9      | Noticed a purple ugly thing
 11571 | D:9      | Killed a purple ugly thing
 11756 | D:9      | Reached skill level 3 in Fighting
 11898 | D:9      | Reached skill level 3 in Dodging
 12004 | D:9      | Found a hide-covered altar to Ukayaw.
 12035 | D:9      | Found a radiant altar of Vehumet.
 12036 | D:9      | Found a burning altar of Makhleb.
 12198 | D:9      | Upgraded the game from 0.19-a0-379-ge33ada3 to 0.19-a0-406-ge21436e
 12533 | D:9      | Reached skill level 4 in Fighting
 12547 | D:10     | Entered Level 10 of the Dungeon
 12547 | D:10     | Reached *** piety under Ashenzari
 12709 | D:10     | Noticed a hill giant
 12717 | D:10     | Killed a hill giant
 12748 | D:10     | Reached skill level 4 in Dodging
 12770 | D:10     | Found Iremoc's Book Shop.
 12774 | D:10     | Noticed a hill giant
 12782 | D:10     | Killed a hill giant
 12782 | D:10     | Reached skill level 8 in Spellcasting
 12925 | D:10     | Reached skill level 2 in Stealth
 13114 | D:10     | Found Kusmu's Magic Scroll Boutique.
 13144 | D:10     | Bought a scroll of identify for 20 gold pieces
 13144 | D:10     | Bought a scroll of identify for 20 gold pieces
 13144 | D:10     | Bought a scroll of identify for 20 gold pieces
 13148 | D:10     | Reached skill level 9 in Fire Magic
 13148 | D:10     | Reached XP level 12. HP: 90/90 MP: 24/24
 13178 | D:10     | Found Juenano's Gadget Shoppe.
 13300 | D:10     | Reached skill level 3 in Stealth
 13418 | D:10     | Found Famoseigu's Food Shop.
 13484 | D:10     | Found Camedenk's Book Shop.
 13677 | Lair:1   | Entered Level 1 of the Lair of Beasts
 13707 | Lair:1   | Reached skill level 4 in Stealth
 14037 | Lair:1   | Reached skill level 12 in Conjurations
 14366 | Lair:1   | Got the trident "Death Rattle" {freeze, +Rage +Fly Str-3 Dex+3}
 14367 | Lair:1   | Identified the +4 trident "Death Rattle" {freeze, +Rage +Fly Str-3 Dex+3} (You found it on level 1 of the Lair of Beasts)
 14594 | Lair:1   | Reached skill level 10 in Fire Magic
 14842 | Lair:2   | Reached **** piety under Ashenzari
 14849 | Lair:2   | Noticed an eight-headed hydra
 15364 | Lair:3   | Reached skill level 9 in Spellcasting
 15557 | Lair:3   | Learned a level 6 spell: Bolt of Fire
 15644 | Lair:3   | Noticed a queen ant
 15841 | Lair:3   | Killed a queen ant
 15841 | Lair:3   | Reached XP level 13. HP: 78/95 MP: 1/26
 16839 | Lair:3   | Reached skill level 11 in Fire Magic
 17018 | Lair:2   | Reached skill level 10 in Spellcasting
 17241 | Lair:2   | Reached skill level 1 in Polearms
 17313 | Lair:2   | Reached skill level 2 in Polearms
 17327 | Lair:2   | HP: 21/95 [water moccasin (4)]
 17746 | Lair:3   | Reached skill level 3 in Polearms
 17912 | Lair:2   | HP: 11/95 [eight-headed hydra (15)]
 17913 | Lair:2   | HP: 4/95 [eight-headed hydra (8)]
 17913 | Lair:2   | Mangled by an eight-headed hydra

Vault maps used:
D:1:      dpeg_arrival_shelter
D:2:      minmay_door_path, nicolae_ashenzari_panopticon, tgw_xom, first_bread,
          minmay_circled_x, uniq_natasha
D:3:      dk_noncrumbling_3, kennysheep_cross_room
D:4:      nicolae_overflow_hidden_temple, due_unseen_surprise
D:5:      lemuel_round_altar, vehumet_altar_wand_db
D:6:      kennysheep_little_box, lemuel_doored_altar, minmay_temple_entry_mist,
          uniq_prince_ribbit1
D:7:      lemuel_mausoleum_altar_kikubaaqudgha, enter_bailey_2, grunt_ogre_cave
D:8:      dpeg_lair_monsters, grunt_decor_resistance,
          minmay_misc_feat_four_crosses, kennysheep_island_fort
D:9:      grunt_temple_overflow_lords_of_destruction, kennysheep_mini
D:10:     serial_shops, nicolae_shop_temple_entry_statues_fountains, shop, shop,
          shop, nicolae_shop_behind_doors, bh_walls_and_bars
Lair:1:   beast_lair_carwin_9
Lair:2:   st_stairs_5, beast_lair_carwin_11
Lair:3:   zaba_anthell, lemuel_fruit_fields
Bailey:   bailey_polearm_1, bailey

Skill      XL: |  1  2  3  4  5  6  7  8  9 10 11 12 13 |
---------------+----------------------------------------+-----
Spellcasting   | 3 4 5 7 8 9 10 | 10.0
Conjurations   | 5 6 7 9 10 11 12 | 12.3
Hexes          | 1 2 |  2.0
Charms         | 3 5 7 |  7.1
Translocations | 1 3 |  3.0
Dodging        | 2 4 |  4.0
Fire Magic     | 4 9 10 11 | 11.0
Fighting       | 2 4 |  4.0
Stealth        | 2 4 |  4.0
Polearms       | 3 |  3.4

Action                   |  1- 3 |  4- 6 |  7- 9 | 10-12 | 13-15 || total
-------------------------+-------+-------+-------+-------+-------++-------
Melee: Unarmed           |    27 |       |       |       |       ||    27
       Club              |    51 |       |       |       |       ||    51
       Tailslap          |     9 |    10 |     9 |    43 |    27 ||    98
       Flail             |    29 |       |       |       |       ||    29
       Halberd           |       |   121 |   128 |   353 |       ||   602
       Mace              |       |    17 |       |       |       ||    17
       Trident           |       |       |       |   127 |   181 ||   308
 Cast: Magic Dart        |    43 |    75 |   166 |   258 |    57 ||   599
       Searing Ray       |     3 |     4 |     6 |    17 |     1 ||    31
       Dazzling Spray    |       |     1 |     1 |       |     1 ||     3
       Iskenderun's Myst |       |       |     8 |    11 |       ||    19
       Iskenderun's Batt |       |       |     4 |    31 |    12 ||    47
       Repel Missiles    |       |       |     1 |     2 |       ||     3
       Flame Tongue      |       |       |       |   159 |   125 ||   284
       Bolt of Fire      |       |       |       |     5 |     9 ||    14
Invok: Curse Item        |       |       |     2 |       |       ||     2
       Scrying           |       |       |       |     1 |       ||     1
 Abil: Breathe Noxious F |       |       |    23 |    37 |     3 ||    63
  Use: Scroll            |     2 |     5 |     2 |    17 |     3 ||    29
       Potion            |       |       |       |     1 |       ||     1
 Stab: Sleeping          |     1 |     4 |     1 |     5 |       ||    11
       Invisible         |       |     1 |       |       |       ||     1
       Confused          |       |       |       |     5 |     1 ||     6
  Eat: Chunk             |     4 |     8 |    15 |    34 |     9 ||    70
       Pizza             |       |       |     1 |     2 |       ||     3
       Royal jelly       |       |       |     1 |     1 |       ||     2
       Fruit             |       |       |       |     4 |     2 ||     6
       Meat ration       |       |       |       |       |     1 ||     1
Armor: Skin              |    53 |    50 |    43 |   174 |    90 ||   410
Dodge: Dodged            |   104 |   117 |   102 |   541 |   310 ||  1174
       Deflected         |       |       |       |     5 |     1 ||     6

Vault maps used:
D:1:      dpeg_arrival_shelter
D:2:      minmay_door_path, nicolae_ashenzari_panopticon, tgw_xom, first_bread,
          minmay_circled_x, uniq_natasha
D:3:      dk_noncrumbling_3, kennysheep_cross_room
D:4:      nicolae_overflow_hidden_temple, due_unseen_surprise
D:5:      lemuel_round_altar, vehumet_altar_wand_db
D:6:      kennysheep_little_box, lemuel_doored_altar, minmay_temple_entry_mist,
          uniq_prince_ribbit1
D:7:      lemuel_mausoleum_altar_kikubaaqudgha, enter_bailey_2, grunt_ogre_cave
D:8:      dpeg_lair_monsters, grunt_decor_resistance,
          minmay_misc_feat_four_crosses, kennysheep_island_fort
D:9:      grunt_temple_overflow_lords_of_destruction, kennysheep_mini
D:10:     serial_shops, nicolae_shop_temple_entry_statues_fountains, shop, shop,
          shop, nicolae_shop_behind_doors, bh_walls_and_bars
Lair:1:   beast_lair_carwin_9
Lair:2:   st_stairs_5, beast_lair_carwin_11
Lair:3:   zaba_anthell, lemuel_fruit_fields
Bailey:   bailey_polearm_1, bailey

Table legend:
 A = Turns spent in this place as a percentage of turns spent in the entire game.
 B = Non-inter-level travel turns spent in this place as a percentage of non-inter-level travel turns spent in the entire game.
 C = Inter-level travel turns spent in this place as a percentage of turns spent in this place.
 D = Turns resting spent in this place as a percentage of non-inter-level travel turns spent in this place.
 E = Turns spent auto-exploring this place as a percentage of non-inter-level travel turns spent in this place.
 F = Non-inter-level travel turns spent in this place divided by the number of levels of this place that you've seen.
                   A       B       C       D       E      F
               +-------+-------+-------+-------+-------+----------------------
         Total | 100.0 | 100.0 |   0.4 |   5.8 |   1.6 | 617.9
       Dungeon |  64.4 |  64.4 |   0.4 |   5.7 |   2.5 | 556.8
          Lair |  30.5 |  30.4 |   0.5 |   5.4 |   0.0 | 877.7
        Bailey |   5.2 |   5.2 |   0.0 |  10.2 |   0.0 | 450.0
               +-------+-------+-------+-------+-------+----------------------

Table legend:
 A = Kills in this place as a percentage of kills in entire the game.
 B = Kills by you in this place as a percentage of kills by you in the entire game.
 C = Kills by friends in this place as a percentage of kills by friends in the entire game.
 D = Other kills in this place as a percentage of other kills in the entire game.
 E = Experience gained in this place as a percentage of experience gained in the entire game.
 F = Experience gained in this place divided by the number of levels of this place that you have seen.
                   A       B       C       D       E      F
               +-------+-------+-------+-------+-------+----------------------
         Total | 100.0 | 100.0 | 100.0 | 100.0 | 100.0 | 2360.3
       Dungeon |  67.4 |  68.5 |   0.0 |  44.4 |  48.3 | 1597.2
          Lair |  28.8 |  28.5 | 100.0 |  11.1 |  47.1 | 5188.0
        Bailey |   3.8 |   3.0 |   0.0 |  44.4 |   4.6 | 1508.0
               +-------+-------+-------+-------+-------+----------------------
